 Dungeon Crawl Stone Soup version 0.32-a0-909-gc671339a80 (webtiles) character file.

Game seed: 12526963031208390671

1549 Biggs the Skirmisher (level 8, 1/62 HPs)
             Began as a Coglin Hunter on Apr 7, 2024.
             Was a Follower of Okawaru.
             Quit the game on level 6 of the Dungeon.
             The game lasted 00:08:55 (4555 turns).

Biggs the Skirmisher (Coglin Hunter)                Turns: 4555, Time: 00:08:56

Health: 1/62       AC:  8    Str: 11 (13) XL:     8   Next: 87%
Magic:  8/8        EV: 11    Int:  7 (8)  God:    Okawaru [*.....]
Gold:   295        SH:  0    Dex: 16 (19) Spells: 7/7 levels left

rFire   . . .        u - +2 sling (drain) {Ara}
rCold   . . .        a - +2 sling (heavy) {Asaipiodgh}
rNeg    . . .        n - +3 ring mail
rPois   .            (no helmet)
rElec   .            (no cloak)
rCorr   .            (no gloves)
SInv    .            (no boots)
Will    .....        (amulet unavailable)
Stlth   +            (ring unavailable)
HPRegen 0.30/turn    (ring unavailable)
MPRegen 0.11/turn    (no gizmo)

%: no passive effects
@: lethally poisoned (1 -> -9), revving
A: off-hand wielding, slow wielding, warmup strikes, no jewellery
a: Invent Gizmo, Renounce Religion, Heroism


You were on level 6 of the Dungeon.
You worshipped Okawaru.
Okawaru was aware of your devotion.
You visited 2 branches of the dungeon, and saw 7 of its levels.

You collected 295 gold pieces.

Inventory:

Hand Weapons
 a - a +2 heavy sling (offhand) {Asaipiodgh}
 u - a +2 sling of draining (weapon) {Ara}
Armour
 c - a +0 leather armour
 n - a +3 ring mail (worn)
Wands
 j - a wand of acid (6)
Scrolls
 b - a scroll of butterflies
 d - 2 scrolls of identify
 e - 4 scrolls of amnesia
 g - 2 scrolls of poison
 h - a scroll of brand weapon
 i - 2 scrolls of vulnerability
 k - a scroll of torment
 o - a scroll of noise
 p - 3 scrolls of fog
 q - a scroll of immolation
 s - a scroll of teleportation
 t - a scroll of fear
Potions
 m - a potion of degeneration


   Skills:
 - Level 5.0 Fighting
 - Level 9.0 Ranged Weapons
 + Level 4.1 Dodging
 - Level 0.7 Stealth


You had 7 spell levels left.
You didn't know any spells.
Your spell library contained the following spells:

 Spells                   Type           Power      Damage    Failure   Level
 Sandblast                Erth           0%         2d4       75%         1
 Mercury Vapours          Alch/Air       0%         N/A       86%         2
 Mephitic Cloud           Conj/Alch/Air  0%         N/A       98%         3
 Passwall                 Erth           0%         N/A       98%         3
 Stone Arrow              Conj/Erth      0%         3d7       98%         3
 Volatile Blastmotes      Fire/Tloc      0%         2d10      98%         3
 Brom's Barrelling Bould  Conj/Erth      0%         2d3       100%        4
 Vhi's Electric Charge    Tloc/Air       0%         N/A       100%        4
 Freezing Cloud           Conj/Ice/Air   0%         6-21      100%        5
 Bombard                  Conj/Erth      0%         9d1       100%        6


Dungeon Overview and Level Annotations

Branches:
Dungeon (6/15)             Temple (1/1) D:5

Altars:
Ashenzari
Dithmenos
Elyvilon
Fedhas
Gozag
Hepliaklqana
Nemelex Xobeh
Okawaru
Qazlal
Ru
Sif Muna
Trog
Vehumet
Wu Jian
Xom
Zin

Shops:
D:3 =


Innate Abilities, Weirdness & Mutations

You can wield a second weapon in your off-hand.
It takes a long time for you to wield or remove held weapons.
Your first few attacks do less damage.
You cannot equip rings or amulets.


Message History

You are too injured to fight recklessly!
Unknown command.
Unknown command.
You shoot a sling bullet.
The sling bullet hits the water moccasin.
You drain the water moccasin.
The water moccasin is severely wounded.
You shoot a sling bullet.
The sling bullet hits the water moccasin!
You kill the water moccasin!
Okawaru is honoured by your kill.
* * * LOW HITPOINT WARNING * * *
You feel extremely sick.
Your Dodging skill increases to level 4!
Unknown command.
It was a potion of brilliance.
You feel clever all of a sudden.
* * * LOW HITPOINT WARNING * * *
You feel very sick.
It was a potion of degeneration.
There was something very wrong with that liquid.
You feel weakened.
You feel dopey.
You feel clumsy.
* * * LOW HITPOINT WARNING * * *
You feel very sick.
Unknown command.
It was a potion of resistance.
You feel protected.
* * * LOW HITPOINT WARNING * * *
You feel very sick.
Unknown command.
It was a potion of cancellation.
Your magical effects are unravelling.
You feel magically purged.
You feel a little less clever now.
Your resistance to elements expires.
* * * LOW HITPOINT WARNING * * *
You feel very sick.
Unknown command.
Okay, then.
Okay, then.
Are you sure you want to abandon this character and quit the game? (Confirm with "yes".)

....
.##.#...................
...
.......................#
..
.....................###
...............(...###..
...................#....
.................. #.<†.
.................. #...#
................. #####
.......@....>...
...............
............[..
...............
...............
...............
...............
...............


There were no monsters in sight!

Vanquished Creatures
  Edmund (D:5)
  4 water moccasins
  A black bear (D:5)
  An ice beast (D:5)
  2 ogres
  A phantom (D:5)
  3 scorpions
  A hound (D:4)
  Ijyb (D:5)
  An iguana (D:5)
  3 orc wizards
  4 gnolls (D:5)
  9 adders
  A shadow imp (D:5)
  4 ribbon worms
  3 dart slugs
  10 orcs
  5 ball pythons
  9 endoplasms
  7 giant cockroaches
  8 goblins
  8 hobgoblins
  6 jackals
  6 quokkas
  10 bats
  3 frilled lizards
  6 kobolds
  8 rats
126 creatures vanquished.

Notes
Turn   | Place    | Note
-------+----------+-------------------------------------------
     0 | D:1      | Biggs the Coglin Hunter began the quest for the Orb.
     0 | D:1      | Reached XP level 1. HP: 16/16 MP: 1/1
    48 | D:1      | Reached skill level 4 in Ranged Weapons
    48 | D:1      | Reached XP level 2. HP: 18/22 MP: 2/2
   180 | D:1      | Reached XP level 3. HP: 17/27 MP: 3/3
   991 | D:2      | Reached skill level 5 in Ranged Weapons
  1000 | D:2      | Reached XP level 4. HP: 33/33 MP: 4/4
  1886 | D:3      | Reached XP level 5. HP: 5/38 MP: 5/5
  2262 | D:3      | Reached skill level 6 in Ranged Weapons
  2395 | D:3      | Found Tiwij's One-of-a-Kind Rings.
  2560 | D:3      | Found a faded altar of an unknown god.
  2710 | D:4      | Noticed an ogre
  2716 | D:4      | Killed an ogre
  2717 | D:4      | Reached XP level 6. HP: 44/44 MP: 6/6
  2743 | D:4      | Found the Hermit's Pendant {Faith Invo=14 Evo=0 MP+5}
  2764 | D:4      | Reached skill level 7 in Ranged Weapons
  3242 | D:5      | Entered Level 5 of the Dungeon
  3290 | D:5      | Reached XP level 7. HP: 50/50 MP: 7/7
  3391 | D:5      | Reached skill level 8 in Ranged Weapons
  3437 | D:5      | Found a staircase to the Ecumenical Temple.
  3456 | Temple   | Entered the Ecumenical Temple
  3472 | Temple   | Became a worshipper of Warmaster Okawaru
  3635 | D:5      | Identified the +3 buckler "Soneczid" {-Cast +Inv rF+ rC+}
  3732 | D:5      | Noticed Edmund
  3738 | D:5      | Killed Edmund
  3774 | D:5      | Reached XP level 8. HP: 56/56 MP: 8/8
  3805 | D:5      | Reached skill level 9 in Ranged Weapons
  4057 | D:5      | Noticed Ijyb
  4065 | D:5      | Killed Ijyb
  4149 | D:5      | Reached * piety under Okawaru
  4150 | D:5      | Reached skill level 5 in Fighting
  4543 | D:6      | Identified the +5 short sword "Qogyones" {pain, rF+ MP+9}
  4553 | D:6      | HP: 3/62 [poisoned by a water moccasin]
  4554 | D:6      | HP: 1/62 [poisoned by a water moccasin]
  4555 | D:6      | Quit the game

Illustrated notes

Levels and vault maps discovered:
D:1:      dpeg_arrival_subterranean_lakeside_camping, layout_basic
D:2:      layout_basic
D:3:      layout_loops_ring, shapermc_ecumenical_altar_mp_vishouse,
          nicolae_shop_unique_rings
D:4:      layout_rooms
D:5:      layout_loops_ring, temple_green, chequers_serial_rivers_large_b,
          minmay_misc_feat_rugged, uniq_ijyb, uniq_edmund
D:6:      layout_layer_cave, mainiacjoe_overflow_tiny_flanked,
          grunt_ministairs_12
Temple:   eino_temple_rhombus

Skill      XL: |  1  2  3  4  5  6  7  8 |
---------------+-------------------------+-----
Ranged Weapons | 4 5 6 7 8 9 |  9.0
Fighting       | 5 |  5.0
Dodging        | 4 |  4.1
Stealth        | |  0.7

Action                     |  1- 3 |  4- 6 |  7- 9 || total
---------------------------+-------+-------+-------++-------
   Fire: Sling             |   188 |   318 |   176 ||   682
    Use: Potion            |       |     1 |     4 ||     5
         Scroll            |       |       |    11 ||    11
 Armour: Leather armour    |    27 |       |       ||    27
         Ring mail         |       |    54 |    32 ||    86
  Dodge: Dodged            |    16 |    43 |    14 ||    73

Table legend: (Time is in decaauts)
 A = Elapsed time spent in this place.
 B = Non-inter-level travel time spent in this place.
 C = Inter-level travel time spent in this place.
 D = Time resting spent in this place.
 E = Time spent auto-exploring this place.
 F = Levels seen in this place.
 G = Mean time per level.
                   A        B        C        D        E       F      G
               +--------+--------+--------+--------+--------+-----+--------+
         Total |   4683 |   4502 |    181 |      0 |   3795 |   7 |  669.0 |
       Dungeon |   4651 |   4500 |    151 |      0 |   3795 |   6 |  775.2 |
        Temple |     32 |      2 |     30 |      0 |      0 |   1 |   32.0 |
               +--------+--------+--------+--------+--------+-----+--------+

Top non-repeatable levels by time:
     D:5: 1226 daAuts
     D:2: 959 daAuts
     D:1: 862 daAuts
     D:3: 842 daAuts
     D:4: 633 daAuts
     D:6: 126 daAuts
  Temple: 32 daAuts
